 Dungeon Crawl Stone Soup version 0.24.0-123-gd5b16e6ec5 (webtiles) character file.

Game seed: 10155729313228383607, levelgen mode: deterministic

32 FishyPogo the Ducker (level 3, -5/28 HPs)
             Began as a Demonspawn Gladiator on Jan 5, 2020.
             Slain by a wight
             ... wielding a +3 halberd
              (8 damage)
             ... on level 2 of the Dungeon.
             The game lasted 00:05:47 (1091 turns).

FishyPogo the Ducker (Demonspawn Gladiator)         Turns: 1091, Time: 00:06:17

Health: -5/28      AC: 10    Str: 13 (15) XL:     3   Next: 10%
Magic:  3/3        EV: 12    Int: 12 (14) God:
Gold:   50         SH:  0    Dex: 13 (14) Spells: 2/2 levels left

rFire    . . .     SeeInvis .   a - +0 rapier
rCold    . . .     Gourm    .   (no shield)
rNeg     . . .     Faith    .   b - +0 leather armour
rPois    .         Spirit   .   (helmet restricted)
rElec    .         Reflect  .   h - +0 cloak
rCorr    .         Harm     .   (no gloves)
MR       .....                  (no boots)
Stlth    +.........             (no amulet)
HPRegen  0.09/turn              (no ring)
MPRegen  0.08/turn              (no ring)

@: confused, brilliant, about to teleport, sanguine armour, flying, hasted,
drained, very quick
A: horns 1, sanguine armour 1
a: no special abilities


You were on level 2 of the Dungeon.
You were hungry.

You visited 1 branch of the dungeon, and saw 2 of its levels.

You collected 50 gold pieces.

Inventory:

Hand Weapons
 a - a +0 rapier (weapon)
Missiles
 d - 3 throwing nets
 e - 6 boomerangs (quivered)
 i - 25 stones
Armour
 b - a +0 leather armour (worn)
 h - a +0 cloak (worn)
Scrolls
 c - a scroll of identify {unknown}
 j - a scroll of fog {unknown}
 l - a scroll of amnesia {unknown}
 q - a scroll of enchant weapon {unknown}
Potions
 k - a potion of heal wounds {unknown}
Comestibles
 f - a ration
 g - 2 chunks of flesh


   Skills:
 * Level 2.6(1.9) Fighting
 + Level 2.9(2.2) Short Blades
 - Level 2.0(1.3) Throwing
 * Level 0.5(0.0) Armour
 - Level 3.0(2.3) Dodging


You had 2 spell levels left.
You didn't know any spells.
Your spell library was empty.

Dungeon Overview and Level Annotations

Branches:
Dungeon (2/15)

Altars:


Innate Abilities, Weirdness & Mutations

You have a pair of small horns on your head.
When seriously injured, your bleeding wounds create armour. (AC +6)


Message History

* * * LOW HITPOINT WARNING * * *
The wight barely misses you. The adder misses you.
Unknown command.
You hit the adder.
The adder is moderately wounded.
The wight hits you from afar with a +3 halberd.
* * * LOW HITPOINT WARNING * * *
You feel drained.
* * * LOW HITPOINT WARNING * * *
The adder closely misses you.
It was a potion of brilliance.
You feel clever all of a sudden. The wight hits you but does no damage.
It was a potion of ambrosia.
You are confused.
You feel invigorated. The adder bites you.
* * * LOW HITPOINT WARNING * * *
A giant cockroach comes into view.
The wight hits you from afar with a +3 halberd!
You die...

#.#.## <# #)#
#....##.####
#.#
#..........#
#.#
##..รท##.##.#
#.# ##<## .#
#.# #.# .#
#z# ..# .##
#z# ####
$#...###z#
.....gS@.#
.#s..##### ##


You could see 3 wights, an adder, a giant cockroach (wandering) and a hobgoblin.

Vanquished Creatures
  2 adders (D:2)
  A dart slug (D:1)
  A leopard gecko (D:1)
  3 goblins
  A hobgoblin (D:1)
  A bat (D:1)
  A frilled lizard (D:2)
  2 kobolds (D:1)
  A rat (D:1)
13 creatures vanquished.

Notes
Turn   | Place    | Note
-------+----------+-------------------------------------------
     0 | D:1      | FishyPogo the Demonspawn Gladiator began the quest for the
                  | Orb.
     0 | D:1      | Reached XP level 1. HP: 16/16 MP: 1/1
   236 | D:1      | Gained mutation: You have a pair of small horns on your
                  | head. [demonic ancestry]
   236 | D:1      | Reached XP level 2. HP: 21/22 MP: 2/2
   626 | D:2      | Reached skill level 3 in Dodging
   908 | D:2      | Gained mutation: When seriously injured, your bleeding
                  | wounds create armour. (AC +6) [demonic ancestry]
   908 | D:2      | Reached XP level 3. HP: 13/28 MP: 3/3
  1089 | D:2      | HP: 1/28 [wight/+3 halberd (1)]
  1091 | D:2      | Slain by a wight

Levels and vault maps discovered:
D:1:      sevenhm_arrival_forest_fort_small_6, layout_basic
D:2:      layout_loops_ring, st_stairs_7

Skill      XL: |  1  2 |
---------------+-------+-----
Throwing       | 2 |  2.0
Dodging        | 3 |  3.0
Fighting       | |  2.6
Short Blades   | |  2.9
Armour         | |  0.5

Action                   || total
-------------------------++-------
Melee: Rapier            ||    46
       Headbutt          ||     2
Throw: Boomerang         ||     2
  Use: Potion            ||     6
       Scroll            ||     1
Armor: Leather armour    ||    15
Dodge: Dodged            ||    31
